 Dungeon Crawl Stone Soup version 0.25.0-9-g26727b657a (console) character file.

Game seed: 359058061299536900

409 bli the Skirmisher (level 7, 0/50 HPs)
             Began as a Formicid Monk on June 20, 2020.
             Blown up by Ijyb (17 damage)
             ... with a disintegration bolt
             ... on level 3 of the Dungeon.
             The game lasted 00:18:02 (5394 turns).

bli the Skirmisher (Formicid Monk)                  Turns: 5394, Time: 00:18:02

Health: 0/50       AC:  4    Str: 16    XL:     7   Next: 13%
Magic:  7/7        EV: 11    Int:  7    God:
Gold:   131        SH:  8    Dex: 15    Spells: 6/6 levels left

rFire    . . .     SeeInvis +   a - +0 falchion
rCold    + . .     Gourm    .   i - +0 kite shield
rNeg     + . .     Faith    .   m - +0 leather armour
rPois    .         Spirit   .   (helmet unavailable)
rElec    .         Reflect  .   (no cloak)
rCorr    .         Harm     .   (no gloves)
MR       .....                  l - +0 pair of boots
Stlth    ++........             (no amulet)
HPRegen  0.16/turn              g - ring of protection from cold
MPRegen  0.10/turn              j - ring of positive energy

@: no status effects
A: permanent stasis, dig shafts and tunnels, four strong arms, antennae 3, dopey
1, frail 1, screaming 1, wild magic 1
a: Dig, Shaft Self


You were on level 3 of the Dungeon.
You were not hungry.

You visited 1 branch of the dungeon, and saw 4 of its levels.

You collected 131 gold pieces.

Inventory:

Hand Weapons
 a - a +0 falchion (weapon)
 w - a +0 dagger
 z - a +0 hunting sling
Missiles
 d - 188 stones (quivered)
 n - 40 poisoned darts
 x - 16 sling bullets
Armour
 b - a +0 robe
 i - a +0 kite shield (worn)
 l - a +0 pair of boots (worn)
 m - a +0 leather armour (worn)
 q - a +0 ring mail
 y - a +0 scale mail
Jewellery
 g - a ring of protection from cold (left hand)
 j - a ring of positive energy (right hand)
Wands
 t - a wand of polymorph (4)
Scrolls
 e - a scroll of enchant armour {unknown}
 f - a scroll of teleportation {unknown}
 p - 2 scrolls of remove curse
 u - 2 scrolls of random uselessness {unknown}
 v - a scroll of fear {unknown}
Potions
 h - a potion of stabbing {unknown}
 k - a potion of curing
 o - a potion of flight {unknown}
 r - a potion of magic
 s - 2 potions of ambrosia {unknown}
 A - a potion of brilliance {unknown}
Comestibles
 c - 7 rations


   Skills:
 * Level 5.2 Fighting
 + Level 5.1 Long Blades
 + Level 2.7 Armour
 + Level 3.1 Dodging
 + Level 2.4 Stealth
 + Level 2.2 Shields


You had 6 spell levels left.
You didn't know any spells.
Your spell library was empty.

Dungeon Overview and Level Annotations

Branches:
Dungeon (4/15)
 Temple: D:4-7

Altars:
Elyvilon
Sif Muna
Xom
Zin

Annotations:
D:3 Ijyb


Innate Abilities, Weirdness & Mutations

You cannot be hasted, slowed, berserked, paralysed or teleported.
You can dig through walls and to a lower floor.
Your four strong arms can wield two-handed weapons with a shield.
You have a pair of large antennae on your head. (SInv)
You are dopey. (Int -2)
You are frail. (-10% HP)
You occasionally shout uncontrollably at your foes.
Your spells are a little harder to cast, but a little more powerful.


Message History

Ijyb throws a stone.
You block the stone.
A goblin comes into view.
It is wielding a -2 club and carrying a wand of flame (25).
You see here a stone.
Ijyb throws a stone.
The stone barely misses you.
Things that are here:
a wand of polymorph (4); a bubbling coppery potion
t - a wand of polymorph (4);
A - a bubbling coppery potion Ijyb zaps a wand.
You struggle to resist.
Ijyb zaps a wand.
You struggle to resist.
Ijyb zaps a wand.
You are blasted!
Ijyb throws a stone.
The stone hits you but does no damage.
You see here a stone.
Ijyb throws a stone.
You block the stone.
You see here a stone.
Ijyb screams, "Me kill you!"
Ijyb zaps a wand.
You are blasted!
Ijyb throws a stone.
The stone hits you but does no damage.
You see here a stone.
Ijyb zaps a wand.
You are blasted!
You die...

#.. #... #... {
#...##########
............#
g..g........# #.....#
#.g...# #.@...#..
#..≈≈# #..(.)#..
#..≈≈# ##
#..((.##'##..≈≈# #.
#.(.((#?....g≈≈# #..
#....(#.....≈≈≈#
#≈≈≈#....(#≈≈≈≈≈≈≈#
#≈≈≈##'''##≈≈≈≈≈≈#
#≈≈≈≈..(≈≈≈≈.((.######
###≈≈...≈≈##.##>......
###...####.##(######
#)######'##'##


You could see Ijyb and a goblin (wandering).

Vanquished Creatures
  A scorpion (D:3)
  A bullfrog skeleton (D:4)
  A hound (D:3)
  Terence (D:3)
  Natasha (thrice) (D:3)
  A worker ant (D:4)
  Robin (D:4)
  8 adders
  3 worms (D:2)
  2 dart slugs (D:3)
  3 leopard geckos
  3 ball pythons (D:2)
  4 giant cockroaches (D:3)
  19 goblins
  8 hobgoblins
  3 jackals (D:3)
  9 kobolds
  2 quokkas
  8 bats
  3 frilled lizards
  5 rats
89 creatures vanquished.

Notes
Turn   | Place    | Note
-------+----------+-------------------------------------------
     0 | D:1      | bli the Formicid Monk began the quest for the Orb.
     0 | D:1      | Reached XP level 1. HP: 18/18 MP: 1/1
   100 | D:1      | Reached XP level 2. HP: 14/24 MP: 2/2
  1075 | D:2      | Reached XP level 3. HP: 21/30 MP: 3/3
  1335 | D:2      | Found a glowing silver altar of Zin.
  1596 | D:2      | Reached skill level 1 in Armour
  1596 | D:2      | Reached XP level 4. HP: 29/37 MP: 4/4
  1852 | D:2      | Found a shimmering altar of Xom.
  1899 | D:2      | Gained mutation: You occasionally shout uncontrollably at
                  | your foes. [potion of mutation]
  1899 | D:2      | Gained mutation: You are frail. (-10% HP) [potion of
                  | mutation]
  1899 | D:2      | Gained mutation: You are dopey. (Int -2) [potion of
                  | mutation]
  1899 | D:2      | Gained mutation: Your spells are a little harder to cast,
                  | but a little more powerful. [potion of mutation]
  2067 | D:2      | Reached XP level 5. HP: 9/37 MP: 5/5
  2876 | D:2      | Found a white marble altar of Elyvilon.
  2877 | D:2      | Found a shimmering blue altar of Sif Muna.
  2988 | D:3      | Noticed Natasha
  3004 | D:3      | Killed Natasha
  3280 | D:3      | Reached skill level 1 in Shields
  3408 | D:3      | Reached XP level 6. HP: 22/44 MP: 6/6
  3904 | D:3      | Noticed Natasha
  3914 | D:3      | Killed Natasha
  4167 | D:3      | Noticed Natasha
  4176 | D:3      | Noticed Terence
  4221 | D:3      | Killed Terence
  4256 | D:3      | Noticed Robin
  4364 | D:4      | Reached skill level 5 in Long Blades
  4802 | D:4      | Killed Robin
  4802 | D:4      | Reached XP level 7. HP: 34/49 MP: 7/7
  5059 | D:3      | HP: 1/49 [goblin (4)]
  5072 | D:3      | Killed Natasha
  5072 | D:3      | Reached skill level 5 in Fighting
  5380 | D:3      | Noticed Ijyb
  5394 | D:3      | Blown up by Ijyb

Illustrated notes

Levels and vault maps discovered:
D:1:      dpeg_arrival_shelter, layout_loops_ring, bh_walls_and_bars
D:2:      layout_loops_ring, overflow_temple_1_default,
          nicolae_overflow_crystal_walls, gammafunk_temple_overflow_pools,
          first_ration, minmay_indecisive_spiral
D:3:      kennysheep_goblin_castle, layout_basic, uniq_robin, uniq_terence,
          uniq_natasha
D:4:      layout_loops_ring, uniq_duvessa, uniq_pikel, uniq_eustachio

Skill      XL: |  1  2  3  4  5  6  7 |
---------------+----------------------+-----
Fighting       | 4 5 |  5.2
Armour         | 1 2 |  2.7
Dodging        | 3 |  3.1
Long Blades    | 4 5 |  5.1
Shields        | 1 2 |  2.2
Stealth        | |  2.4

Action                   |  1- 3 |  4- 6 |  7- 9 || total
-------------------------+-------+-------+-------++-------
Melee: Falchion          |    87 |   232 |    32 ||   351
       Unarmed           |       |       |    11 ||    11
Throw: Stone             |       |    12 |       ||    12
 Abil: Dig               |     1 |       |       ||     1
  Use: Scroll            |     1 |     2 |       ||     3
       Potion            |       |     5 |     2 ||     7
 Stab: Sleeping          |     2 |     6 |       ||     8
       Distracted        |       |     1 |       ||     1
  Eat: Chunk             |     2 |    11 |     2 ||    15
Armor: Robe              |     4 |       |       ||     4
       Leather armour    |     9 |    64 |    11 ||    84
Dodge: Dodged            |    56 |   156 |    50 ||   262
Block: Kite shield       |       |    40 |    28 ||    68
       Rpst.: Falchion   |    19 |    47 |     4 ||    70
